 Dungeon Crawl Stone Soup version 0.26.1-11-gd32895ea62 (webtiles) character file.

Game seed: 18014846237815145147

622 Exodus22XD the Chopper (level 7, -1/61 HPs)
             Began as a Hill Orc Monk on Apr 27, 2021.
             Slain by an ogre
             ... wielding a +0 giant spiked club
              (15 damage)
             ... on level 4 of the Dungeon.
             The game lasted 00:04:16 (5337 turns).

Exodus22XD the Chopper (Hill Orc Monk)              Turns: 5337, Time: 00:04:16

Health: -1/61      AC:  7    Str: 16    XL:     7   Next: 46%
Magic:  7/7        EV:  8    Int: 10    God:
Gold:   163        SH:  7    Dex: 13    Spells: 6/6 levels left

rFire    . . .     SeeInvis .   a - +0 hand axe
rCold    + . .     Faith    .   o - +0 kite shield
rNeg     . . .     Spirit   .   g - +0 ring mail
rPois    .         Reflect  .   q - +0 helmet
rElec    .         Harm     .   (no cloak)
rCorr    .         Rampage  .   (no gloves)
Will     .....                  (no boots)
Stlth    +.........             (no amulet)
HPRegen  0.20/turn              b - ring of protection from cold
MPRegen  0.10/turn              (no ring)

@: no status effects
A: no striking features
a: no special abilities


You were on level 4 of the Dungeon.
You visited 1 branch of the dungeon, and saw 4 of its levels.

You collected 253 gold pieces.
You spent 90 gold pieces at shops.

Inventory:

Hand Weapons
 a - a +0 hand axe (weapon)
Armour
 g - a +0 ring mail (worn)
 o - a +0 kite shield (worn)
 q - a +0 helmet (worn)
Jewellery
 b - a ring of protection from cold (left hand)
Scrolls
 c - 2 scrolls of teleportation
 e - 2 scrolls of enchant weapon
 f - 3 scrolls of remove curse
 j - 2 scrolls of magic mapping
 l - a scroll of enchant armour {unknown}
 m - a scroll of fear {unknown}
Potions
 d - 2 potions of curing
 h - 2 potions of heal wounds
 i - a potion of ambrosia {unknown}
 k - a potion of might
 n - a potion of mutation {unknown}
 p - a potion of flight {unknown}


   Skills:
 + Level 5.4 Fighting
 + Level 7.5 Axes
 * Level 5.3 Armour
 - Level 2.4 Dodging
 - Level 1.5 Stealth
 + Level 0.4 Shields


You had 6 spell levels left.
You didn't know any spells.
Your spell library contained the following spells:

 Spells                   Type           Power        Failure   Level
 Magic Dart               Conj           0%           99%         1
 Blink                    Tloc           N/A          100%        2
 Call Imp                 Summ           0%           100%        2
 Slow                     Hex            0%           100%        2
 Confusing Touch          Hex            0%           100%        3
 Conjure Flame            Conj/Fire      0%           100%        3
 Gell's Gravitas          Tloc           0%           100%        3
 Mephitic Cloud           Conj/Pois/Air  0%           100%        3
 Petrify                  Tmut/Erth      0%           100%        4
 Metabolic Englaciation   Hex/Ice        0%           100%        5
 Yara's Violent Unravell  Hex/Tmut       0%           100%        5


Dungeon Overview and Level Annotations

Branches:
Dungeon (4/15)
 Temple: D:4-7

Altars:
Gozag

Shops:
D:4 *


Message History

The ogre is heavily wounded.
The ogre hits you with a +0 giant spiked club.
You closely miss the ogre.
The ogre is heavily wounded.
You hit the ogre.
The ogre is heavily wounded.
You block the ogre's attack.
You slash the ogre!
The ogre is almost dead.
The ogre hits you with a +0 giant spiked club!!
You hit the ogre but do no damage.
The ogre is almost dead.
You hit the ogre but do no damage.
The ogre is almost dead.
The ogre hits you with a +0 giant spiked club!!
* * * LOW HITPOINT WARNING * * *
You hit the ogre but do no damage.
The ogre is almost dead.
The ogre hits you with a +0 giant spiked club!
You die...

...###'###
...#≈≈≈≈≈#
...#≈≈≈≈≈#
...#≈≈≈≈≈#
...#≈≈≈≈≈#
...###'###########
....##...........##
...≈≈.^#########..#
...≈§§## #@'#
....≈≈≈# .......O.#
....#≈≈ #........#
....##§≈ ##.......#
#...###≈§≈##..(...#
#.###.##≈ §##.....#
#.# #..## ≈≈##....#
#.# #...##§≈≈##...#
#.# #....##§§≈


You could see an ogre.

Vanquished Creatures
  Sigmund (D:3)
  An ogre (D:4)
  3 hounds
  An orc wizard (D:4)
  3 worker ants
  Robin (D:4)
  8 adders
  2 oozes
  An adder skeleton (D:4)
  A dart slug (D:1)
  2 leopard geckos
  7 orcs
  2 ball pythons
  5 bats
  5 giant cockroaches
  12 goblins
  7 hobgoblins
  7 jackals
  8 kobolds
  2 quokkas
  3 frilled lizards
  2 quokka skeletons (D:4)
  11 rats
95 creatures vanquished.

Notes
Turn   | Place    | Note
-------+----------+-------------------------------------------
     0 | D:1      | Exodus22XD the Hill Orc Monk began the quest for the Orb.
     0 | D:1      | Reached XP level 1. HP: 19/19 MP: 1/1
    43 | D:1      | Reached XP level 2. HP: 7/27 MP: 2/2
   338 | D:1      | Reached skill level 1 in Armour
   500 | D:1      | Reached XP level 3. HP: 33/33 MP: 3/3
  1180 | D:2      | Reached skill level 5 in Axes
  1180 | D:2      | Reached XP level 4. HP: 17/41 MP: 4/4
  1880 | D:2      | Found an opulent altar of Gozag.
  2630 | D:3      | Reached XP level 5. HP: 47/47 MP: 5/5
  2677 | D:3      | Noticed Sigmund
  2718 | D:3      | Killed Sigmund
  2719 | D:3      | Reached skill level 6 in Axes
  2719 | D:3      | Reached XP level 6. HP: 41/55 MP: 6/6
  3481 | D:4      | Reached skill level 5 in Fighting
  3649 | D:3      | HP: 2/56 [poisoned by a worker ant]
  4215 | D:4      | Noticed Robin
  4233 | D:4      | Reached XP level 7. HP: 43/61 MP: 7/7
  4236 | D:4      | Reached skill level 7 in Axes
  4257 | D:4      | Killed Robin
  4319 | D:4      | Reached skill level 5 in Armour
  4425 | D:4      | Found Fotsaneg's General Store.
  4858 | D:4      | Bought a scroll of identify for 20 gold pieces
  4858 | D:4      | Bought a scroll of identify for 20 gold pieces
  4858 | D:4      | Bought a potion of heal wounds for 50 gold pieces
  5337 | D:4      | Slain by an ogre

Illustrated notes

Levels and vault maps discovered:
D:1:      lemuel_arrival_behind_the_door_large, layout_basic,
          minmay_misc_feat_five
D:2:      layout_basic, grunt_gozag_breadcrumbs
D:3:      layout_loops_ring, uniq_sigmund
D:4:      layout_rooms, serial_rivers, chequers_serial_rivers_small_a,
          chequers_serial_rivers_micro_b, chequers_serial_rivers_small_3,
          chequers_serial_rivers_room_b, chequers_serial_rivers_large_b,
          chequers_serial_rivers_large_a, serial_shops, shop,
          kennysheep_opposing_triangles, uniq_robin

Skill      XL: |  1  2  3  4  5  6  7 |
---------------+----------------------+-----
Fighting       | 4 5 |  5.4
Armour         | 1 2 4 5 |  5.3
Axes           | 5 6 7 |  7.5
Dodging        | |  2.4
Stealth        | |  1.5
Shields        | |  0.4

Action                   |  1- 3 |  4- 6 |  7- 9 || total
-------------------------+-------+-------+-------++-------
Melee: Hand axe          |    93 |   188 |    81 ||   362
  Use: Potion            |       |     3 |       ||     3
       Scroll            |       |     1 |     5 ||     6
 Stab: Sleeping          |     2 |       |       ||     2
Armor: Robe              |     9 |       |       ||     9
       Ring mail         |    25 |    72 |    19 ||   116
       Skin              |       |    20 |       ||    20
Dodge: Dodged            |    65 |   123 |    23 ||   211
Block: Kite shield       |       |     9 |    22 ||    31
